 Dungeon Crawl Stone Soup version 0.28-a0-21-gf74fda84f9 (webtiles) character file.

Game seed: 10469269795914079024

19 pkoi the Ruffian (level 2, -15/29 HPs)
             Began as a Troll Monk on July 26, 2021.
             Demolished by an ogre (25 damage)
             ... on level 2 of the Dungeon.
             The game lasted 00:00:35 (793 turns).

pkoi the Ruffian (Troll Monk)                        Turns: 793, Time: 00:00:35

Health: -15/29     AC:  4    Str: 18    XL:     2   Next: 55%
Magic:  1/1        EV: 10    Int:  6    God:
Gold:   25         SH:  0    Dex: 12    Spells: 1/1 levels left

rFire   . . .      SeeInvis .     - Unarmed
rCold   . . .      Faith    .   (no shield)
rNeg    . . .      Spirit   .   a - +0 robe
rPois   .          Reflect  .   (helmet restricted)
rElec   .          Harm     .   (no cloak)
rCorr   .          Rampage  .   (gloves unavailable)
Will    .....                   (boots unavailable)
Stlth   ++........              (no amulet)
HPRegen 1.09/turn               (no ring)
MPRegen 0.07/turn               (no ring)

@: no status effects
A: large, unfitting armour, claws 3, regeneration 1, shaggy fur 1, tough skin 1
a: no special abilities


You were on level 2 of the Dungeon.
You visited 1 branch of the dungeon, and saw 2 of its levels.

You collected 25 gold pieces.

Inventory:

Armour
 a - a +0 robe (worn)
Scrolls
 b - a scroll of identify {unknown}


   Skills:
 - Level 2.4 Fighting
 - Level 2.4 Dodging
 - Level 1.0 Stealth
 + Level 3.9 Unarmed Combat


You had one spell level left.
You didn't know any spells.
Your spell library was empty.

Dungeon Overview and Level Annotations

Branches:
Dungeon (2/15)

Altars:


Innate Abilities, Weirdness & Mutations

You are too large for most types of armour.
You have claws for hands.
Your natural rate of healing is unusually fast.
You are covered in fur. (AC +1)
You have tough skin. (AC +1)


Message History

No target in view!
Things that are here:
a +0 dagger; 5 stones
Things that are here:
a +0 dagger; 5 stones
Found a stone staircase leading down.
Done exploring.
Done exploring.
Done exploring.
Done exploring.
No target in view!
No target in view!
There is a stone staircase leading down here.
You climb downwards.
A hobgoblin comes into view.
The hobgoblin shouts!
There is a stone staircase leading up here.
A hobgoblin is nearby!
A hobgoblin is nearby!
A hobgoblin is nearby!
You barely miss the hobgoblin. You completely miss the hobgoblin.
The hobgoblin hits you.
You claw the hobgoblin!
You kill the hobgoblin!
Found 19 poisoned darts.
An ogre comes into view. It is wielding a +0 giant club.
The ogre moves out of view.
You now have 25 gold pieces (gained 7).
An ogre is nearby!
The ogre shouts!
You hear an angry hiss.
An adder comes into view.
You claw the ogre!
The ogre is heavily wounded.
The ogre hits you with a +0 giant club!!
Ouch! That really hurt!
You barely miss the ogre.
The ogre is heavily wounded.
The ogre hits you with a +0 giant club!!
Ouch! That really hurt!
You die...

#########..# #.#
#..# #.# #..# #.#
#..# #.# #..# #.#
#..###.# #......#
########.#####.###
..........@OS.....
########.......###
#########


You could see an ogre and an adder.

Vanquished Creatures
  A dart slug (D:1)
  3 bats (D:1)
  4 endoplasms (D:1)
  4 hobgoblins
  2 frilled lizards (D:1)
  A goblin (D:1)
  A kobold (D:1)
16 creatures vanquished.

Notes
Turn   | Place    | Note
-------+----------+-------------------------------------------
     0 | D:1      | pkoi the Troll Monk began the quest for the Orb.
     0 | D:1      | Reached XP level 1. HP: 22/22 MP: 0/0
    54 | D:1      | Found a faded altar of an unknown god.
   229 | D:1      | Reached XP level 2. HP: 29/29 MP: 1/1
   776 | D:2      | Noticed an ogre
   793 | D:2      | Demolished by an ogre

Illustrated notes

Levels and vault maps discovered:
D:1:      minmay_arrival_shattered_statue, layout_basic,
          dreamdust_ecumenical_altar_statues
D:2:      layout_basic

Action                   || total
-------------------------++-------
Melee: Unarmed           ||    40
  Use: Scroll            ||     2
 Stab: Sleeping          ||     2
Armor: Robe              ||    13
Dodge: Dodged            ||    16

Table legend: (Time is in decaauts)
 A = Elapsed time spent in this place.
 B = Non-inter-level travel time spent in this place.
 C = Inter-level travel time spent in this place.
 D = Time resting spent in this place.
 E = Time spent auto-exploring this place.
 F = Levels seen in this place.
 G = Mean time per level.
                   A        B        C        D        E       F      G
               +--------+--------+--------+--------+--------+-----+--------+
         Total |    790 |    790 |      0 |      0 |    679 |   2 |  395.0 |
       Dungeon |    790 |    790 |      0 |      0 |    679 |   2 |  395.0 |
               +--------+--------+--------+--------+--------+-----+--------+

Top non-repeatable levels by time:
     D:1: 728 daAuts
     D:2: 61 daAuts
